 Dungeon Crawl Stone Soup version 0.22-a0-254-gaf95ca0 (webtiles) character file.

66 mortelune the Magician (level 3, -1/19 HPs)
             Began as a Deep Elf Wizard on Mar 4, 2018.
             Slain by Natasha (10 damage)
             ... on level 2 of the Dungeon.
             The game lasted 00:07:07 (1628 turns).

mortelune the Magician (Deep Elf Wizard)            Turns: 1628, Time: 00:07:08

Health: -1/19      AC:  3    Str:  4    XL:     3   Next: 96%
Magic:  1/12       EV: 13    Int: 23    God:
Gold:   85         SH:  0    Dex: 13    Spells: 3/13 levels left

rFire    . . .     SeeInvis .   m - +1 short sword (protect)
rCold    . . .     Gourm    .   (no shield)
rNeg     . . .     Faith    .   a - +0 robe
rPois    .         Spirit   .   k - +0 helmet (curse)
rElec    .         Reflect  .   (no cloak)
rCorr    .         Harm     .   (no gloves)
MR       .....                  (no boots)
Stlth    ++........             (no amulet)
HPRegen  0.06/turn              (no ring)
MPRegen  0.13/turn              (no ring)

@: slowed, very slow
A: no striking features
a: no special abilities


You were on level 2 of the Dungeon.
You were not hungry.

You visited 1 branch of the dungeon, and saw 2 of its levels.

You collected 85 gold pieces.

Inventory:

Hand Weapons
 c - a +0 club
 i - a +0 whip
 m - a +1 short sword of protection (weapon)
Armour
 a - a +0 robe (worn)
 b - a +0 hat
 k - a cursed +0 helmet (worn)
Scrolls
 f - a scroll of identify {unknown}
 h - a scroll of noise {unknown}
 j - a scroll of amnesia {unknown}
 l - a scroll of immolation {unknown}
 n - a scroll of fear {unknown}
 q - a scroll of fog {unknown}
Potions
 e - a potion of ambrosia {unknown}
 g - a potion of degeneration {unknown}
 p - a potion of lignification {unknown}
Comestibles
 d - a ration
 o - 4 chunks of flesh


   Skills:
 - Level 2.4 Dodging
 - Level 2.4 Stealth
 + Level 5.5 Spellcasting
 + Level 2.8 Conjurations
 - Level 1.1 Summonings
 - Level 1.1 Translocations
 * Level 1.4 Fire Magic


You had 3 spell levels left.
You knew the following spells:

 Your Spells              Type           Power        Failure   Level  Hunger
a - Magic Dart            Conj           ###.         2%          1    None
b - Call Imp              Summ           ##......     9%          2    None
c - Blink                 Tloc           N/A          9%          2    None
d - Slow                  Hex            #.......     14%         2    None
e - Conjure Flame         Conj/Fire      ###.....     12%         3    ##.....


Dungeon Overview and Level Annotations

Branches:
Dungeon (2/15)

Altars:

Annotations:
D:2 Natasha


Message History

Natasha is lightly wounded.
Natasha stares at you and mumbles some strange words.
The magic dart hits you!
Casting: Magic Dart (safe; 2% risk of failure)
Confirm with . or Enter, or press ? or * to list all spells.
You blink.
Natasha stares at you and mumbles some strange words.
The magic dart hits you!
Natasha stares at you and mumbles some strange words.
You feel yourself slow down.
Casting: Blink (safe; 9% risk of failure)
Confirm with . or Enter, or press ? or * to list all spells.
You blink.
Natasha stares at you and mumbles some strange words.
You feel as though you will be slow longer.
Casting: Blink (safe; 9% risk of failure)
Confirm with . or Enter, or press ? or * to list all spells.
You blink.
Natasha claws you!
Ouch! That really hurt!
You die...

.#.............# #..............
.#.#.........#.# ##..............
...#..#......#.##....##..........
................#.##.##..........
......................+..........
..>...................#..........
......###.#..#.##.##...........†.
.........)...#+##.##.#...........
.#.#.###........@.##.#......#....
...#.###.(....§.h...........#....
.........(.§................#....
................#.##.##.....#....
...........÷................+....
.....####.##.#+##.#........##....
##................#........##....
..................#.....[........
...##...#..#......##+#........##.


You could see Natasha.

Vanquished Creatures
  2 adders (D:2)
  2 oozes (D:1)
  A worm (D:1)
  3 leopard geckos (D:1)
  A ball python (D:1)
  3 bats
  A giant cockroach (D:1)
  2 goblins
  A hobgoblin (D:1)
  3 jackals (D:2)
  3 kobolds
  A quokka (D:2)
  A frilled lizard (D:1)
  11 rats (D:1)
35 creatures vanquished.

Vanquished Creatures (collateral kills)
  A dart slug (D:1)
1 creature vanquished.

Grand Total: 36 creatures vanquished

Notes
Turn   | Place    | Note
-------+----------+-------------------------------------------
     0 | D:1      | mortelune the Deep Elf Wizard began the quest for the Orb.
     0 | D:1      | Reached XP level 1. HP: 10/10 MP: 7/7
   247 | D:1      | Reached XP level 2. HP: 15/15 MP: 6/9
   251 | D:1      | Learned a level 2 spell: Call Imp
   277 | D:1      | Learned a level 2 spell: Blink
   280 | D:1      | Learned a level 2 spell: Slow
   486 | D:1      | Reached skill level 5 in Spellcasting
   706 | D:1      | Reached XP level 3. HP: 19/19 MP: 8/11
   938 | D:1      | Learned a level 3 spell: Conjure Flame
  1420 | D:2      | Reached skill level 1 in Fire Magic
  1600 | D:2      | Noticed Natasha
  1628 | D:2      | Slain by Natasha

Vault maps used:
D:1:      eino_arrival_tree_alley, minmay_rat_gold_closets
D:2:      old_standard_altar, solitary_fountain, minmay_heptomino_h4,
          uniq_robin, uniq_natasha, uniq_sigmund

Skill      XL: |  1  2  3 |
---------------+----------+-----
Conjurations   | 2 |  2.8
Spellcasting   | 5 |  5.5
Fire Magic     | 1 |  1.4
Dodging        | |  2.4
Stealth        | |  2.4
Summonings     | |  1.1
Translocations | |  1.1

Action                   || total
-------------------------++-------
Melee: Short sword       ||     3
 Cast: Magic Dart        ||    87
       Call Imp          ||     2
       Blink             ||     9
       Slow              ||     2
  Eat: Chunk             ||     2
Armor: Robe              ||     3
Dodge: Dodged            ||    12

Table legend:
 A = Spawn XP
 B = Non-spawn XP
 C = Spawn XP percentage of total XP
 D = Spawn monster count
 E = Non-spawn monster count
 F = Spawn count percentage of total count
 G = Total turns spent on level
                    A         B        C        D         E        F      G
               +---------+---------+-------+---------+---------+-------+---------
         Total |       0 |      95 |   0.0 |       0 |      36 |   0.0 |  1628
               +---------+---------+-------+---------+---------+-------+---------
           D:1 |       0 |      54 |   0.0 |       0 |      26 |   0.0 |  1189
           D:2 |       0 |      41 |   0.0 |       0 |      10 |   0.0 |   439
               +---------+---------+-------+---------+---------+-------+---------
